Map: Catalyst LE

Players

HateMe

  • Race: Zerg Zerg
  • Spawn Location: 5:00

Guru - Winner!

  • Race: Zerg Zerg
  • Spawn Location: 11:00

Event: WCS Leipzig 2018

VOD

Have the link to the VOD?

Description

Time

  • Played on: Jan. 26, 2018, 10:20 a.m.
  • Length: 6:57

All games in this series

Show
View Real Time Build Order
Export as new Build Order

HateMe Zerg 

Build Orders: Hatch First, Zergling Baneling 

Get SALT Encoding   

  12  0:01  Drone  
  13  0:12  Overlord  
  13  0:17  Drone  
  14  0:31  Drone x2  
  16  0:36  Drone  
  17  0:53  Hatchery  
  17  0:55  Drone  
  17  0:58  Drone  
  17  1:01  Extractor  
  17  1:14  Spawning Pool  
  17  1:17  Drone  
  17  1:20  Drone  
  18  1:29  Drone  
  19  1:38  Overlord  
  19  1:50  Drone  
  20  2:01  Zergling x2, Queen  
  22  2:03  Metabolic Boost  
  22  2:04  Queen  
  26  2:08  Zergling x2  
  26  2:12  Drone  
  27  2:16  Drone  
  27  2:22  Drone  
  29  2:27  Drone  
  30  2:39  Hatchery  
  30  2:43  Zergling x4  
  31  2:51  Baneling Nest, Drone  
  30  2:56  Overlord  
  31  2:59  Drone  
  32  3:06  Drone x2  
  32  3:09  Zergling x2  
  32  3:12  Zergling x2  
  36  3:14  Overlord  
  36  3:18  Drone  
  36  3:19  Drone  
  38  3:22  Drone  
  38  3:25  Drone  
  38  3:26  Drone  
  41  3:33  Queen  
  43  3:42  Zergling x4  
  43  3:47  Zergling x10  
  49  3:51  Zergling x4  
  49  3:55  Baneling x4  
  51  3:59  Overlord  
  51  4:02  Zergling x4  
  53  4:18  Drone  
  53  4:19  Drone x5  
  53  4:21  Baneling x2  
  59  4:25  Drone  
  59  4:26  Overlord  
  59  4:28  Drone  
  59  4:29  Baneling x3  
  59  4:30  Drone  
  62  4:31  Drone  
  62  4:32  Drone  
  62  4:34  Baneling  
  63  4:38  Drone x2  
  63  4:40  Drone  
  63  4:44  Drone  
  60  4:46  Drone  
  57  4:59  Roach Warren  
  54  5:01  Extractor, Evolution Chamber, Queen  
  54  5:02  Zergling x16  
  54  5:05  Overlord  
  62  5:08  Baneling x2  
  61  5:17  Overlord  
  61  5:18  Zergling x4  
  63  5:24  Drone x2  
  65  5:31  Drone  
  65  5:35  Zergling x12  
  68  5:36  Zergling x2  
  68  5:37  Baneling  
  72  5:45  Drone, Overlord  
  72  5:46  Drone x3  
  76  5:50  Drone  
  74  5:58  Lair  
  74  5:59  Drone x6  
  78  6:05  Baneling x2  
  78  6:10  Extractor  
  77  6:12  Extractor, Roach x2  
  77  6:14  Overlord  
  77  6:17  Extractor, Overlord  
  80  6:18  Drone x4  
  80  6:19  Drone  
  80  6:30  Roach x3  
  81  6:37  Roach  
Show
View Real Time Build Order
Export as new Build Order

Guru Zerg - Winner!

Build Orders: Hatch First 

Get SALT Encoding   

  12  0:01  Drone  
  13  0:13  Overlord  
  13  0:17  Drone  
  14  0:31  Drone x2  
  14  0:35  Drone  
  17  0:53  Hatchery  
  17  0:55  Drone  
  17  0:59  Drone  
  18  1:09  Extractor  
  17  1:14  Spawning Pool  
  17  1:17  Drone  
  17  1:21  Drone  
  18  1:29  Drone  
  19  2:01  Queen  
  19  2:04  Queen  
  19  2:07  Zergling x4  
  25  2:10  Drone, Metabolic Boost  
  25  2:14  Drone  
  27  2:25  Hatchery  
  27  2:27  Drone  
  27  2:32  Overlord  
  27  2:43  Zergling x2  
  27  2:44  Overlord  
  28  2:52  Queen  
  28  2:57  Drone  
  28  2:58  Drone x3  
  33  3:01  Drone  
  35  3:10  Zergling x6  
  35  3:12  Zergling x2  
  39  3:14  Drone  
  39  3:17  Drone  
  39  3:19  Drone  
  42  3:21  Drone  
  43  3:32  Baneling Nest  
  42  3:35  Drone  
  42  3:39  Drone x4  
  47  3:45  Drone x2  
  47  3:48  Zergling x4  
  50  3:50  Overlord  
  50  3:57  Overlord  
  50  3:59  Overlord  
  50  4:06  Overlord  
  50  4:15  Drone  
  50  4:16  Drone x3, Extractor, Roach Warren  
  50  4:17  Evolution Chamber  
  50  4:20  Drone x3  
  50  4:21  Drone  
  50  4:22  Drone  
  55  4:26  Baneling  
  55  4:28  Drone  
  55  4:29  Zergling x2  
  55  4:30  Zergling x2  
  56  4:39  Zergling x4  
  56  4:42  Zergling x4  
  53  4:46  Zergling x4  
  53  4:47  Zergling x2  
  53  4:52  Zergling x4  
  51  4:56  Zergling x4  
  47  5:01  Baneling x2  
  47  5:02  Drone x2  
  47  5:03  Queen  
  47  5:04  Drone  
  52  5:09  Drone x2  
  52  5:15  Queen  
  52  5:17  Drone x2  
  52  5:19  Drone  
  56  5:28  Baneling x2, Drone  
  56  5:30  Drone x2  
  59  5:37  Roach x2  
  59  5:38  Roach x2  
  67  5:43  Extractor  
  67  5:44  Overlord  
  67  5:45  Roach  
  67  5:47  Overlord  
  67  5:51  Drone x2  
  67  5:59  Drone  
  67  6:00  Roach  
  67  6:02  Drone  
  67  6:04  Drone x3  
  72  6:08  Queen  
  72  6:10  Overlord  
  75  6:11  Roach  
  75  6:15  Overlord  
  75  6:17  Roach  
  77  6:20  Drone  
  77  6:21  Drone  
  77  6:24  Drone  
  77  6:25  Drone  
  79  6:31  Drone x2  
  80  6:34  Roach x3  
  80  6:37  Extractor  
  84  6:41  Drone x3  
  84  6:45  Drone x3  
  91  6:50  Extractor  
Tags
 
Add a new tag
Caveats
  • Supply blocks, unpowered buildings, or Contaminate may cause inaccurate times.
  • Supply counts are checked every 10 seconds.